Map: 바니 연구소 (공허의 유산)

Players

Scarlett

  • Race: Zerg Zerg
  • Spawn Location: 6:00

Maru - Winner!

  • Race: Terran Terran
  • League: Diamond
  • Spawn Location: 12:00

Event: WESG 2016 Finals

VOD

Have the link to the VOD?

Description

Time

  • Played on: Jan. 13, 2017, 11:44 p.m.
  • Length: 6:50

All games in this series

Show
View Real Time Build Order
Export as new Build Order

Scarlett Zerg 

Build Orders: Hatch First 

Get SALT Encoding   

  12  0:00  Drone  
  13  0:12  Overlord  
  13  0:17  Drone  
  14  0:30  Drone  
  14  0:31  Drone  
  14  0:34  Drone  
  17  0:52  Hatchery  
  17  0:55  Drone  
  17  0:58  Drone  
  18  1:07  Extractor  
  17  1:14  Spawning Pool  
  17  1:17  Drone  
  17  1:20  Drone  
  18  1:28  Drone  
  19  1:38  Overlord  
  19  1:50  Drone  
  20  2:00  Queen  
  20  2:01  Zergling x2  
  23  2:04  Drone, Queen  
  23  2:08  Metabolic Boost  
  26  2:13  Zergling x2  
  26  2:15  Drone  
  29  2:22  Drone  
  29  2:26  Drone  
  30  2:33  Drone  
  31  2:38  Hatchery  
  31  2:41  Drone  
  31  2:48  Overlord  
  31  2:53  Drone  
  31  2:54  Drone  
  31  2:58  Drone  
  34  3:00  Queen  
  36  3:11  Drone  
  36  3:12  Drone  
  38  3:13  Drone  
  38  3:14  Drone x3  
  38  3:15  Drone  
  38  3:18  Overlord  
  43  3:20  Drone  
  44  3:28  Overlord  
  44  3:36  Queen  
  44  3:38  Queen  
  48  3:43  Drone x2  
  48  3:44  Drone x2  
  52  3:48  Zergling x2  
  52  3:49  Zergling x4  
  52  3:50  Drone  
  52  3:53  Drone x2  
  58  3:58  Drone x2  
  58  4:02  Drone x2  
  62  4:04  Evolution Chamber  
  62  4:05  Evolution Chamber  
  62  4:07  Drone  
  61  4:12  Drone x2  
  61  4:13  Drone x2  
  61  4:15  Drone  
  66  4:21  Overlord  
  66  4:24  Overlord  
  66  4:29  Zerg Ground Armor Level 1  
  66  4:33  Zerg Missile Weapons Level 1  
  66  4:37  Roach Warren  
  65  4:39  Extractor, Queen  
  65  4:40  Extractor, Overlord  
  65  4:41  Extractor  
  65  4:42  Overlord  
  64  4:47  Queen  
  66  4:53  Zergling x2  
  66  4:54  Zergling x8, Spine Crawler  
  66  4:57  Overlord  
  66  4:58  Zergling x2  
  66  4:59  Zergling x2  
  71  5:04  Zergling x8  
  73  5:10  Overlord  
  73  5:17  Roach x4  
  73  5:19  Roach x2  
  85  5:27  Roach  
  85  5:28  Roach x2, Zergling x4  
  78  5:32  Roach, Zergling x4  
  78  5:36  Roach  
  78  5:38  Zergling x2  
  74  5:44  Roach, Zergling x2  
  73  5:50  Roach  
  73  5:53  Zergling x2  
  73  5:54  Queen x2  
  75  5:57  Zergling x2  
  75  6:03  Zergling x6  
  67  6:11  Roach, Zergling x4  
  61  6:14  Roach  
  63  6:22  Roach x2  
  63  6:24  Roach  
  60  6:26  Ravager  
  60  6:29  Drone  
Show
View Real Time Build Order
Export as new Build Order

Maru Terran - Winner!

Build Orders: Command Center First (CC) 

Get SALT Encoding   

  12  0:00  SCV  
  13  0:12  SCV  
  14  0:17  Supply Depot  
  14  0:24  SCV  
  15  0:39  SCV  
  16  0:51  SCV  
  17  1:00  Command Center  
  17  1:03  SCV  
  18  1:15  SCV  
  18  1:17  Barracks  
  19  1:23  Refinery  
  19  1:27  SCV  
  19  1:31  Refinery  
  20  1:39  SCV  
  21  1:51  SCV  
  22  2:03  Marine  
  22  2:06  Orbital Command  
  23  2:09  Factory  
  23  2:14  Orbital Command  
  23  2:21  Barracks Reactor  
  23  2:31  SCV  
  24  2:37  Factory  
  24  2:40  SCV  
  24  2:43  SCV  
  26  2:52  SCV  
  26  2:54  Supply Depot  
  26  2:55  SCV  
  28  3:01  Hellion x2  
  28  3:04  Barracks Reactor  
  28  3:05  SCV  
  33  3:08  SCV  
  34  3:17  SCV  
  35  3:20  SCV  
  35  3:22  Hellion  
  35  3:24  Cyclone x2  
  44  3:28  Supply Depot  
  44  3:32  Supply Depot  
  44  3:35  SCV x2  
  46  3:50  SCV x2  
  50  3:56  Hellion x2  
  50  4:01  Cyclone x2  
  50  4:02  SCV  
  59  4:03  SCV  
  59  4:09  Supply Depot  
  60  4:14  SCV  
  60  4:15  SCV  
  62  4:22  Armory  
  62  4:25  Supply Depot  
  62  4:31  Hellion x2, SCV x2  
  68  4:32  Supply Depot  
  68  4:39  Hellion  
  70  4:47  Cyclone, SCV x2  
  70  4:48  Supply Depot  
  70  4:52  Hellion  
  77  4:54  Hellion  
  77  4:59  SCV  
  80  5:03  Command Center  
  80  5:06  Hellion  
  82  5:11  SCV  
  83  5:15  Supply Depot, SCV  
  83  5:18  Hellion  
  86  5:26  Cyclone  
  86  5:27  Hellion  
  85  5:30  SCV x2  
  85  5:33  Refinery  
  85  5:35  Refinery  
  76  5:43  Cyclone, Hellion  
  76  5:44  SCV x2  
  83  5:56  SCV x2  
  85  5:57  Factory  
  85  6:02  Hellion  
  81  6:06  Cyclone  
  81  6:07  Hellion  
  81  6:08  SCV x2  
  82  6:16  Hellion  
  82  6:20  SCV x2  
  82  6:23  Orbital Command, Factory  
  84  6:32  Factory, SCV  
  87  6:33  SCV  
  91  6:42  Refinery x2  
Tags
 
Add a new tag
Caveats
  • Supply blocks, unpowered buildings, or Contaminate may cause inaccurate times.
  • Supply counts are checked every 10 seconds.